 Dungeon Crawl Stone Soup version 0.19.5 (webtiles) character file.

1512 varitox the Cleaver (level 8, -6/70 HPs)
             Began as a Minotaur Fighter on Nov 5, 2016.
             Was a Follower of Okawaru.
             Mangled by a hornet (11 damage)
             ... on level 6 of the Dungeon on Apr 21, 2017.
             The game lasted 00:22:59 (4891 turns).

varitox the Cleaver (Minotaur Fighter)              Turns: 4891, Time: 00:23:00

Health: -6/70      AC: 15    Str: 22    XL:     8   Next: 53%
Magic:  7/7        EV:  6    Int:  5    God:    Okawaru [*.....]
Gold:   195        SH: 12    Dex: 11    Spells: 0 memorised, 7 levels left

rFire  . . .     SeeInvis .     a - +0 war axe
rCold  + . .     Gourm    .     b - +2 chain mail {rC+}
rNeg   . . .     Faith    +     c - +1 shield
rPois  .         Spirit   .     (helmet restricted)
rElec  .         Reflect  .     (no cloak)
rCorr  .         Harm     .     (no gloves)
MR     .....                    E - +2 pair of boots
Stlth  ..........               u - amulet of faith
                                (no ring)
                                (no ring)

@: lethally poisoned (-6 -> -12), flying, slowed, very slow
A: retaliatory headbutt, horns 2
a: Heroism, Renounce Religion


You were on level 6 of the Dungeon.
You worshipped Okawaru.
Okawaru was aware of your devotion.
You were hungry.

You visited 2 branches of the dungeon, and saw 8 of its levels.
You also visited: Sewer.

You collected 195 gold pieces.

Inventory:

Hand Weapons
 a - a +0 war axe (weapon)
 C - a +0 hand axe of flaming
Armour
 b - a +2 chain mail of cold resistance (worn)
 c - a +1 shield (worn)
 E - a +2 pair of boots (worn)
Jewellery
 u - an amulet of faith (around neck)
 D - an uncursed amulet of rage
 F - an uncursed amulet of magic regeneration {unknown}
Wands
 q - a wand of lightning (13/15)
 t - a wand of digging (7/24)
 y - a wand of polymorph (12/24)
Scrolls
 h - 7 scrolls of remove curse
 k - a scroll of enchant armour
 o - 3 scrolls of fear
 w - 3 scrolls of teleportation
 G - a scroll of recharging
Potions
 d - 2 potions of might
 e - 4 potions of curing
 i - a potion of agility
 j - 2 potions of degeneration {unknown}
 n - 2 potions of invisibility {unknown}
 p - 6 potions of flight
 s - a potion of haste {unknown}
 x - 2 potions of heal wounds {unknown}
 z - 2 potions of brilliance {unknown}
 A - a potion of magic {unknown}
 B - a potion of berserk rage {unknown}
 H - a potion of resistance {unknown}
Books
 v - a book of Callings

   Spells                             Type                      Level
   a - Summon Small Mammal            Summoning                    1
   b - Call Imp                       Summoning                    2
   c - Call Canine Familiar           Summoning                    3
   d - Summon Guardian Golem          Hexes/Summoning              3
   e - Summon Lightning Spire         Summoning/Air                4
   f - Summon Ice Beast               Ice/Summoning                4
Comestibles
 f - 5 bread rations
 g - 4 meat rations
 m - 3 royal jellies
 r - a beef jerky


   Skills:
 + Level 6.1 Fighting
 + Level 8.3 Axes
 + Level 6.6 Armour
 + Level 0.2 Dodging
 + Level 0.5 Stealth
 + Level 7.6 Shields


You had 7 spell levels left.
You didn't know any spells.

Dungeon Overview and Level Annotations

Branches:
Dungeon (7/15)             Temple (1/1) D:6

Altars:
Ashenzari
Cheibriados
Dithmenos
Elyvilon
Fedhas
Gozag
Kikubaaqudgha
Makhleb
Nemelex Xobeh
Okawaru
Qazlal
Ru
Sif Muna
Trog
Uskayaw
Vehumet
Xom
Yredelemnul
Zin
The Shining One


Innate Abilities, Weirdness & Mutations

You reflexively headbutt those who attack you in melee.
You have a pair of horns on your head.


Message History

You feel as though you will be slow longer.
The hornet barely misses you. You furiously retaliate!
You headbutt the hornet.
It was a potion of flight.
You feel very buoyant.
You fly up into the air.
* * * LOW HITPOINT WARNING * * *
You feel very sick. You block the hornet's attack. x2
It was a potion of curing.
You feel better.
The hornet stings you but does no damage.
The hornet barely misses you.
You slash the hornet! Your headbutt misses the hornet.
The hornet is severely wounded.
You feel yourself speed up. The hornet stings you.
* * * LOW HITPOINT WARNING * * *
You are lethally poisoned!
You feel yourself slow down. You block the hornet's attack.
The hornet stings you!
You die...

#........ #.......#
#........ #.......#
#..!..... #.......#
#<....# ##### #'#######
#.....###...#####....####
#...........#............
#...........#............
#......y....#...........#
#.......@...#.......)....
#...##.##...##....##.##.#
######+##...##....##.##..
#...................#
#....................
#...................#
#....................
#...................#
#.>........[.........


You could see a hornet.

Vanquished Creatures
  Grinder (D:3)
  Purgy (Sewer)
  An orc warrior (D:6)
  2 ice beasts (D:6)
  An ogre (D:5)
  A centaur (D:6)
  A wyvern zombie (D:6)
  2 hounds
  3 orc priests
  6 orc wizards
  Terence (D:3)
  2 iguanas (D:4)
  2 worker ants
  A hound skeleton (D:5)
  5 gnolls
  3 adders
  2 oozes
  3 adder zombies (D:5)
  4 worms
  2 dart slugs
  5 leopard geckos
  34 orcs
  6 ball pythons
  4 giant cockroaches
  9 goblins
  15 hobgoblins
  3 jackals (D:2)
  4 quokkas (D:5)
  6 bats
  15 frilled lizards
  A jackal skeleton (D:6)
  11 kobolds
  A leopard gecko skeleton (D:4)
  10 rats
168 creatures vanquished.

Notes
Turn   | Place    | Note
-------+----------+-------------------------------------------
     0 | D:1      | varitox the Minotaur Fighter began the quest for the Orb.
     0 | D:1      | Reached XP level 1. HP: 19/19 MP: 0/0
   140 | D:1      | Reached XP level 2. HP: 27/27 MP: 1/1
   686 | D:2      | Reached XP level 3. HP: 31/33 MP: 2/2
   726 | D:2      | Noticed a water elemental
   766 | D:2      | Noticed an air elemental
   768 | D:2      | Found a stormy altar of Qazlal.
   769 | D:2      | Noticed a fire elemental
   769 | D:2      | Noticed an earth elemental
   772 | D:2      | Upgraded the game from 0.19.0-2-gae57169 to 0.19.5
   838 | D:2      | Reached skill level 3 in Axes
   995 | D:2      | Reached XP level 4. HP: 34/40 MP: 3/3
  1322 | D:4      | Reached skill level 4 in Axes
  1369 | D:4      | Reached XP level 5. HP: 38/47 MP: 4/4
  1525 | D:4      | Reached skill level 5 in Shields
  1533 | D:4      | Reached skill level 5 in Axes
  1610 | D:4      | Found a bloodstained altar of Trog.
  1622 | D:4      | Reached XP level 6. HP: 42/53 MP: 5/5
  1948 | D:4      | Found a glowing drain.
  1953 | Sewer    | Entered a sewer
  2120 | Sewer    | Noticed Purgy
  2144 | Sewer    | Killed Purgy
  2144 | Sewer    | Reached skill level 5 in Fighting
  2144 | Sewer    | Reached skill level 5 in Armour
  2534 | D:3      | Noticed Terence
  2548 | D:3      | Killed Terence
  2774 | D:3      | Noticed Grinder
  2799 | D:3      | Killed Grinder
  2799 | D:3      | Reached skill level 6 in Axes
  2799 | D:3      | Reached XP level 7. HP: 49/61 MP: 6/6
  3369 | D:5      | Entered Level 5 of the Dungeon
  3401 | D:5      | Found a glowing golden altar of the Shining One.
  3541 | D:5      | Found a hide-covered altar of Uskayaw.
  3697 | D:5      | Reached skill level 7 in Axes
  4074 | D:5      | Found an iron altar of Okawaru.
  4085 | D:5      | Became a worshipper of Warmaster Okawaru
  4162 | D:6      | Reached XP level 8. HP: 50/69 MP: 7/7
  4369 | D:6      | Reached * piety under Okawaru
  4369 | D:6      | Reached skill level 8 in Axes
  4530 | D:6      | Found a staircase to the Ecumenical Temple.
  4545 | Temple   | Entered the Ecumenical Temple
  4878 | D:6      | Noticed a hornet
  4886 | D:6      | Paralysed by a hornet for 1 turns
  4889 | D:6      | HP: 2/70 [poisoned by a hornet]
  4891 | D:6      | Mangled by a hornet

Skill      XL: |  1  2  3  4  5  6  7  8 |
---------------+-------------------------+-----
Armour         | 4 5 6 |  6.6
Fighting       | 4 5 6 |  6.1
Shields        | 4 5 6 7 |  7.6
Axes           | 3 4 5 6 7 8 |  8.3
Dodging        | |  0.2
Stealth        | |  0.5

Action                   |  1- 3 |  4- 6 |  7- 9 || total
-------------------------+-------+-------+-------++-------
Melee: War axe           |   110 |   165 |   157 ||   432
       Headbutt          |    14 |    23 |    35 ||    72
       Hand axe          |       |       |     1 ||     1
  Use: Scroll            |       |       |    11 ||    11
       Potion            |       |       |     2 ||     2
  Eat: Chunk             |     1 |     6 |     6 ||    13
Armor: Scale mail        |    40 |    50 |       ||    90
       Chain mail        |       |     8 |    62 ||    70
Dodge: Dodged            |    33 |    52 |    38 ||   123
Block: Shield            |    70 |   111 |   101 ||   282
